details: 'rockdon gets rocked and ragequits'

« prev index next »

General information

Mini Map

Players

team 1
Orciggy72 (purple | 72 APM | 820 actions | 11:21)
Hero icon 5 Blademaster
Ability icon 2 Wind Walk
Ability icon 3 Critical Strike

» actions
Assign group hotkey41
Basic commands32
Build / train41
Enter build submenu14
Enter hero's abilities submenu5
Give item / drop item1
Right click337
Select / deselect176
Select group hotkey129
Use ability44
820 total
» units
Peon14
Wind Rider1
Troll Batrider7
Goblin Zeppelin1
23 total
» upgrades
Reinforced Defenses1
Liquid Fire1
Envenomed Spears1
3 total
» buildings
Altar of Storms1
Orc Burrow5
Voodoo Lounge1
War Mill1
Watch Tower4
Stronghold2
Beastiary2
Fortress1
17 total
» build order
00:06 Altar of Storms
00:18 Orc Burrow
01:00 Voodoo Lounge
01:14 War Mill
01:49 Orc Burrow
02:44 Watch Tower
03:48 Watch Tower
04:06 Stronghold
04:06 Stronghold
04:24 Watch Tower
05:49 Orc Burrow
06:28 Beastiary
06:29 Beastiary
07:10 Watch Tower
07:58 Fortress
10:12 Orc Burrow
11:05 Orc Burrow
» items
Lesser Clarity Potion2
Healing Salve2
Boots of Speed1
Staff of Teleportation1
6 total
team 2
HumanRockdon (red | 47 APM | 528 actions | 11:20)
Hero icon 1 Blood Mage
Ability icon 1 Flame Strike
Hero icon 1 Archmage
Ability icon 1 Blizzard

» actions
Build / train30
Enter build submenu18
Enter hero's abilities submenu2
Right click295
Select / deselect154
Use ability29
528 total
» units
Peasant8
Gryphon Rider6
14 total
» upgrades
Masonry2
Lumber Harvesting1
Storm Hammers1
Animal War Training1
Swords1
6 total
» buildings
Altar of Kings1
Farm7
Lumber Mill1
Scout Tower4
Guard Tower3
Keep1
Blacksmith1
Barracks1
Castle1
Gryphon Aviary2
22 total
» build order
00:08 Altar of Kings
00:13 Farm
00:24 Lumber Mill
00:51 Scout Tower
01:25 Guard Tower
02:12 Keep
02:15 Scout Tower
02:21 Scout Tower
02:31 Blacksmith
02:45 Barracks
02:55 Guard Tower
03:46 Farm
03:50 Farm
04:43 Castle
04:50 Farm
05:22 Farm
05:47 Farm
05:57 Gryphon Aviary
06:05 Gryphon Aviary
09:37 Farm
10:18 Scout Tower
10:49 Guard Tower